 Dungeon Crawl Stone Soup version 0.29.1-13-g9f3cf754e1 (webtiles) character file.

Game seed: 18104839291721594419

598 cheesebisquit the Skirmisher (level 7, -2/56 HPs)
             Began as a Minotaur Hunter on Jan 21, 2023.
             Slain by an ogre
             ... wielding a +0 giant spiked club
              (31 damage)
             ... on level 4 of the Dungeon.
             The game lasted 00:13:10 (3676 turns).

cheesebisquit the Skirmisher (Minotaur Hunter)      Turns: 3676, Time: 00:13:10

Health: -2/56      AC:  4    Str: 16    XL:     7   Next: 17%
Magic:  6/6        EV: 12    Int:  6    God:
Gold:   66         SH:  0    Dex: 15    Spells: 6/6 levels left

rFire   . . .      SeeInvis .   a - +0 shortbow (venom)
rCold   + . .      Faith    .   (shield currently unavailable)
rNeg    . . .      Spirit   .   c - +0 leather armour
rPois   .          Reflect  .   (helmet restricted)
rElec   .          Harm     .   (no cloak)
rCorr   .          Rampage  .   (no gloves)
Will    .....                   f - +0 pair of boots
Stlth   +.........              (no amulet)
HPRegen 0.18/turn               r - ring of protection from cold
MPRegen 0.10/turn               (no ring)

@: no status effects
A: horns 2, retaliatory headbutt
a: no special abilities


You were on level 4 of the Dungeon.
You visited 1 branch of the dungeon, and saw 4 of its levels.

You collected 156 gold pieces.
You spent 90 gold pieces at shops.

Inventory:

Hand Weapons
 a - a +0 shortbow of venom (weapon)
Missiles
 o - 6 boomerangs of dispersal
 p - 5 curare-tipped darts
Armour
 c - a +0 leather armour (worn)
 f - a +0 pair of boots (worn)
Jewellery
 r - a ring of protection from cold (left hand)
Scrolls
 b - a scroll of immolation
 d - a scroll of enchant weapon {unknown}
 e - 2 scrolls of noise
 g - 2 scrolls of vulnerability
 h - 5 scrolls of teleportation
 n - a scroll of magic mapping {unknown}
 s - a scroll of brand weapon
 u - a scroll of fear {unknown}
Potions
 i - 4 potions of might
 j - a potion of mutation {unknown}
 k - 2 potions of degeneration
 l - a potion of flight
 m - 3 potions of curing
 q - a potion of haste
 t - 2 potions of lignification


   Skills:
 - Level 2.4 Fighting
 + Level 9.6 Ranged Weapons
 - Level 2.1 Dodging
 - Level 0.7 Stealth


You had 6 spell levels left.
You didn't know any spells.
Your spell library contained the following spells:

 Spells                   Type           Power      Damage    Failure   Level
 Portal Projectile        Hex/Tloc       0%         N/A       88%         3
 Tukima's Dance           Hex            0%         N/A       88%         3
 Blade Hands              Tmut           0%         N/A       100%        5
 Freezing Cloud           Conj/Ice/Air   0%         6-21      100%        5
 Simulacrum               Ice/Necr       0%         N/A       100%        6
 Polar Vortex             Ice            0%         N/A       100%        9


Dungeon Overview and Level Annotations

Branches:
Dungeon (4/15)
 Temple: D:4-7

Altars:
Ashenzari
Elyvilon
Fedhas
Kikubaaqudgha
Sif Muna
Vehumet

Shops:
D:4 !

Annotations:
D:4 Menkaure


Innate Abilities, Weirdness & Mutations

You have a pair of horns on your head.
You reflexively headbutt those who attack you in melee.


Message History

You start waiting.
Done waiting.
There is an open door here.
You now have 55 gold pieces (gained 12).
You now have 66 gold pieces (gained 11).
Found 4 stones.
Found a long sword.
s - 2 scrolls labelled QUM QOTOHOL (gained 1)
j - a murky green potion
As you read the scroll labelled QUM QOTOHOL, it crumbles to dust.
It is a scroll of brand weapon.
Your +0 shortbow drips with poison.
a - a +0 shortbow of venom (weapon)
Found a stone staircase leading down.
You see here a +0 ring mail.
A quokka comes into view.
You shoot an arrow. The arrow closely misses the quokka.
You hear a shout! x2
You shoot an arrow. The arrow misses the quokka.
You shoot an arrow. The arrow closely misses the quokka.
You shoot an arrow. The arrow closely misses the quokka.
The quokka barely misses you.
You shoot an arrow.
The arrow hits the quokka but does no damage.
The quokka is poisoned.
Menkaure, Prince of Dust comes into view.
The quokka closely misses you.
An ogre comes into view. It is wielding a +0 giant spiked club.
You kill the quokka!
You see here a +0 ring mail.
You shoot an arrow. The arrow hits the ogre.
The ogre is poisoned.
The ogre is lightly wounded.
Menkaure calls on the powers of darkness!
The ogre convulses!
Your body is wracked with pain!
Menkaure gestures wildly while chanting.
Menkaure seems to speed up.
The ogre attacks as you move away!
The ogre hits you with a +0 giant spiked club!!
Ouch! That really hurt!
You die...

.......###.# #.....## ##...#
###..#...#.#######.....#####..###
##.###........(................
#.# ##.##########.....#..#####
####.###..# #.###)..######
.........## #.# ##.....##.
.........# ..###..##.....
.........#########.####......####
.........M.....O@..##....#####
........[######..........).######
.........# #.#######.##......#
.........# ### ........#####..
######M..# (.....).# ### ..###
#[.......# # ...# #........#
....# #........# .....#
)........#


You could see an ogre (very poisoned) and Menkaure (fast).

Vanquished Creatures
  A hornet (D:4)
  Sigmund (D:2)
  An iguana (D:4)
  3 orc wizards (D:3)
  2 gnolls (D:4)
  2 adders (D:3)
  A worm (D:2)
  A dart slug (D:3)
  2 ball pythons (D:3)
  8 endoplasms
  17 giant cockroaches
  7 goblins
  8 hobgoblins
  8 kobolds
  6 quokkas
  4 bats (D:1)
  2 frilled lizards
  7 rats
81 creatures vanquished.

Notes
Turn   | Place    | Note
-------+----------+-------------------------------------------
     0 | D:1      | cheesebisquit the Minotaur Hunter began the quest for the
                  | Orb.
     0 | D:1      | Reached XP level 1. HP: 18/18 MP: 0/0
   197 | D:1      | Reached XP level 2. HP: 25/25 MP: 1/1
   212 | D:1      | Reached skill level 5 in Ranged Weapons
   763 | D:1      | Found a faded altar of an unknown god.
   928 | D:2      | Reached XP level 3. HP: 30/30 MP: 2/2
  1296 | D:2      | Noticed Sigmund
  1303 | D:2      | Killed Sigmund
  1304 | D:2      | Reached skill level 7 in Ranged Weapons
  1304 | D:2      | Reached XP level 4. HP: 32/37 MP: 3/3
  1304 | D:2      | Reached XP level 5. HP: 36/42 MP: 4/4
  1737 | D:3      | Found a white marble altar of Elyvilon.
  1779 | D:3      | Found a blossoming altar of Fedhas.
  1949 | D:3      | Found a broken altar of Ashenzari.
  2072 | D:3      | Reached skill level 8 in Ranged Weapons
  2476 | D:3      | Found a radiant altar of Vehumet.
  2482 | D:3      | Reached XP level 6. HP: 47/50 MP: 5/5
  2500 | D:3      | Found an ancient bone altar of Kikubaaqudgha.
  2531 | D:3      | Found a shimmering blue altar of Sif Muna.
  2757 | D:4      | Found Jiket's Distillery.
  2764 | D:4      | Bought a potion of curing for 30 gold pieces
  2764 | D:4      | Bought a potion of lignification for 30 gold pieces
  2764 | D:4      | Bought a potion of lignification for 30 gold pieces
  3205 | D:4      | Noticed a hornet
  3208 | D:4      | Killed a hornet
  3209 | D:4      | Reached skill level 9 in Ranged Weapons
  3209 | D:4      | Reached XP level 7. HP: 56/56 MP: 6/6
  3664 | D:4      | Noticed Menkaure
  3676 | D:4      | Slain by an ogre

Illustrated notes

Levels and vault maps discovered:
D:1:      minmay_arrival_glassed_features, layout_loops_corners,
          chequers_ecumenical_altar_grove, skrybe_limestone_x
D:2:      minmay_roachtagon, layout_basic, uniq_sigmund
D:3:      layout_loops_ring, palyth_temple_overflow_mages,
          mainiacjoe_overflow_brackets, lemuel_coloured_pillars_altar,
          old_standard_altar, kennysheep_potato
D:4:      layout_rooms, serial_shops, nicolae_shop_hallway_stairs, uniq_natasha,
          uniq_menkaure

Skill      XL: |  1  2  3  4  5  6 |
---------------+-------------------+-----
Ranged Weapons | 5 7 8 9 |  9.6
Fighting       | |  2.4
Dodging        | |  2.1
Stealth        | |  0.7

Action                   |  1- 3 |  4- 6 |  7- 9 || total
-------------------------+-------+-------+-------++-------
 Fire: Shortbow          |    89 |    96 |    23 ||   208
Throw: Dart              |     1 |     1 |       ||     2
  Use: Scroll            |       |       |     8 ||     8
Armor: Leather armour    |    10 |     6 |     1 ||    17
Dodge: Dodged            |    18 |    14 |     4 ||    36
